 Dungeon Crawl Stone Soup version 0.20.0-1-g1cb1d84 (webtiles) character file.

60 FakerFangirl the Cudgeler (level 3, -4/31 HPs)
             Began as a Draconian Fighter on May 26, 2017.
             Slain by Natasha (10 damage)
             ... on level 2 of the Dungeon.
             The game lasted 00:01:36 (1042 turns).

FakerFangirl the Cudgeler (Draconian Fighter)       Turns: 1042, Time: 00:01:37

Health: -4/31      AC:  5    Str: 18    XL:     3   Next: 80%
Magic:  3/3        EV: 10    Int:  8    God:
Gold:   48         SH:  9    Dex: 11    Spells: 2/2 levels left

rFire    + . .     SeeInvis .   Y - +2 flail
rCold    . . .     Gourm    .   b - +0 shield
rNeg     . . .     Faith    .   (armour unavailable)
rPois    .         Spirit   .   (helmet restricted)
rElec    .         Reflect  .   (no cloak)
rCorr    .         Harm     .   (no gloves)
MR       .....                  (no boots)
Stlth    +.........             (no amulet)
Regen    0.1/turn               j - ring of protection from fire
MPRegen  0.1/turn               (no ring)

@: slowed, very slow
A: unfitting armour, cold-blooded, AC +5
a: no special abilities


You were on level 2 of the Dungeon.
You were hungry.

You visited 1 branch of the dungeon, and saw 2 of its levels.

You collected 48 gold pieces.


Innate Abilities, Weirdness & Mutations

Your plain brown scales are hard. (AC +5)
You cannot fit into any form of body armour.
You are cold-blooded and may be slowed by cold attacks.


   Skills:
 - Level 3.2 Fighting
 + Level 4.2 Maces & Flails
 - Level 2.6 Dodging
 - Level 3.0 Shields


You had 2 spell levels left.
You didn't know any spells.

Inventory:

Hand Weapons
 Y - a +2 flail (weapon)
Armour
 b - a +0 shield (worn)
Jewellery
 h - an uncursed ring of fire {unknown}
 j - a ring of protection from fire (left hand)
Scrolls
 e - a scroll of identify
 f - a scroll of teleportation {unknown}
 k - a scroll of fog {unknown}
Potions
 c - a potion of might
Comestibles
 a - 3 chunks of flesh
 d - 2 bread rations
 g - a meat ration
 i - 3 fruits

Dungeon Overview and Level Annotations

Branches:
Dungeon (2/15)

Altars:

Annotations:
D:2 Natasha


Message History

Natasha's front paws start to glow.
Natasha completely misses you.
The shadow imp hits you but does no damage.
Natasha mumbles some strange words.
The shadow imp gestures at you. Pain shoots through your body!
You barely miss Natasha.
Natasha is severely wounded.
Natasha casts a spell at you. The magic dart hits you!
Natasha casts a spell at you.
You feel as though you will be slow longer.
You block the shadow imp's attack. Natasha claws you but does no damage.
The shadow imp gestures at you. Pain shoots through your body!
You closely miss Natasha.
Natasha is severely wounded.
Natasha casts a spell at you. You resist with significant effort.
The shadow imp misses you. Natasha claws you!
You die...

........#
...(......#
..........#
##........#
..........#
#........#
#.......#
#######.h##.#
.......55@..#
.......>.####
######.## #.#
#.# #.# #.#
#.# #.#


You could see Natasha, a white imp and a shadow imp.

Vanquished Creatures
  Natasha (D:2)
  An ooze (D:1)
  2 bats
  A giant cockroach (D:1)
  6 goblins
  6 hobgoblins
  4 kobolds (D:1)
  A quokka (D:2)
  3 frilled lizards
  3 rats (D:1)
28 creatures vanquished.

Notes
Turn   | Place    | Note
-------+----------+-------------------------------------------
     0 | D:1      | FakerFangirl the Draconian Fighter began the quest for the Orb.
     0 | D:1      | Reached XP level 1. HP: 19/19 MP: 1/1
     0 | D:1      | 0 ||| counter = 86
   157 | D:1      | Reached XP level 2. HP: 20/26 MP: 2/2
   278 | D:1      | Reached skill level 3 in Maces & Flails
   788 | D:1      | 788 ||| READING 2 scrolls labeled KEOHIO IDIPTEENN.
   789 | D:1      | 789 ||| READING 2 scrolls labeled WOTHRE MAPLE.
   790 | D:1      | 790 ||| READING scroll of enchant weapon.
   790 | D:1      | 790 ||| ENCHANTING +1 flail.
   791 | D:1      | 791 ||| READING scroll of identify.
   791 | D:1      | 791 ||| IDENTIFYING encrusted moonstone ring
   792 | D:1      | 792 ||| UPGRADING to ring of protection from fire.
   810 | D:2      | Noticed Natasha
   815 | D:2      | Killed Natasha
   815 | D:2      | Reached skill level 4 in Maces & Flails
   815 | D:2      | Reached XP level 3. HP: 24/31 MP: 3/3
  1030 | D:2      | Noticed Natasha
  1041 | D:2      | HP: 6/31 [shadow imp/nerve-wracking pain[Natasha] (8)]
  1042 | D:2      | Slain by Natasha

Vault maps used:
D:1:      dpeg_arrival_ternary, minmay_misc_feat_chi
D:2:      kennysheep_nub, uniq_natasha

Skill      XL: |  1  2 |
---------------+-------+-----
Maces & Flails | 4 |  4.2
Fighting       | |  3.2
Dodging        | |  2.6
Shields        | |  3.0

Action                   || total
-------------------------++-------
Melee: Flail             ||    82
       Tailslap          ||     3
  Use: Scroll            ||     4
Armor: Skin              ||    17
Dodge: Dodged            ||    21
Block: Shield            ||    38
